 Dungeon Crawl Stone Soup version 0.29.1-2-gbd0b4ee654 (webtiles) character file.

Game seed: 13522838429133884393

59 funnyparkerb the Shooter (level 4, -1/26 HPs)
             Began as a Kobold Hunter on Nov 17, 2022.
             Killed by divine providence
             ... invoked by an orc priest
              (12 damage)
             ... on level 3 of the Dungeon.
             The game lasted 00:01:41 (2146 turns).

funnyparkerb the Shooter (Kobold Hunter)            Turns: 2146, Time: 00:01:41

Health: -1/26      AC:  3    Str:  8    XL:     4   Next: 22%
Magic:  4/4        EV: 14    Int: 10    God:
Gold:   40         SH:  0    Dex: 20    Spells: 3/3 levels left

rFire   . . .      SeeInvis .   a - +0 shortbow
rCold   . . .      Faith    .   (shield currently unavailable)
rNeg    . . .      Spirit   .   c - +0 leather armour
rPois   .          Reflect  .   (no helmet)
rElec   .          Harm     .   (no cloak)
rCorr   .          Rampage  .   (no gloves)
Will    .....                   (no boots)
Stlth   +++.......              (no amulet)
HPRegen 0.08/turn               (no ring)
MPRegen 0.09/turn               (no ring)

@: no status effects
A: small, no large weapons, nightstalker 3
a: no special abilities


You were on level 3 of the Dungeon.
You visited 1 branch of the dungeon, and saw 3 of its levels.

You collected 40 gold pieces.

Inventory:

Hand Weapons
 a - a +0 shortbow (weapon)
Missiles
 h - 6 poisoned darts
Armour
 c - a +0 leather armour (worn)
Wands
 k - a wand of mindburst (6)
Scrolls
 b - a scroll of immolation
 d - 2 scrolls of vulnerability {unknown}
 f - 2 scrolls of teleportation {unknown}
 m - a scroll of summoning {unknown}
Potions
 e - 2 potions of heal wounds {unknown}
 g - 2 potions of flight {unknown}
 i - 2 potions of curing {unknown}
 j - a potion of brilliance {unknown}
 l - a potion of lignification {unknown}


   Skills:
 - Level 2.1 Fighting
 + Level 7.3 Ranged Weapons
 - Level 2.4 Dodging
 - Level 1.3 Stealth


You had 3 spell levels left.
You didn't know any spells.
Your spell library contained the following spells:

 Spells                   Type           Power      Damage    Failure   Level
 Slow                     Hex            0%         N/A       50%         1
 Confusing Touch          Hex            0%         N/A       86%         3
 Gell's Gravitas          Tloc           0%         N/A       86%         3
 Inner Flame              Hex/Fire       0%         N/A       86%         3
 Teleport Other           Tloc           0%         N/A       86%         3
 Vampiric Draining        Necr           0%         2d6       86%         3
 Cause Fear               Hex            0%         N/A       99%         4
 Summon Lightning Spire   Summ/Air       0%         N/A       99%         4
 Dispersal                Tloc           0%         N/A       100%        6
 Storm Form               Tmut/Air       0%         N/A       100%        7
 Discord                  Hex            0%         N/A       100%        8
 Maxwell's Capacitive Co  Air            0%         ∞         100%        8


Dungeon Overview and Level Annotations

Branches:
Dungeon (3/15)

Altars:
Sif Muna

Shops:
D:1 (


Innate Abilities, Weirdness & Mutations

You are small and have problems with some larger weapons.
You are completely attuned to the shadows.


Message History

The orc shouts!
You hear a shout! x2
An orc is nearby!
An orc is nearby!
You shoot an arrow. The arrow barely misses the orc.
An orc priest comes into view. It is wielding a +0 dagger.
You shoot an arrow. The arrow barely misses the orc.
An orc comes into view. It is wielding a +0 flail.
An orc comes into view. It is wielding a +0 hand axe.
You shoot an arrow.
The arrow hits the orc but does no damage.
The orc barely misses you.
You shoot an arrow.
The arrow closely misses the orc priest.
The orc priest closely misses you. The orc hits you with a +0 hand axe.
You shoot an arrow.
The arrow closely misses the orc priest.
The arrow barely misses the orc.
You hear a shout!
The orc misses you. The orc misses you.
The orc throws a stone.
The stone hits you.
You shoot an arrow.
The arrow hits the orc priest but does no damage.
The orc priest barely misses you.
You shoot an arrow. The arrow barely misses the orc priest.
The arrow hits the orc!
You kill the orc!
The orc priest calls down the wrath of Beogh upon you.
Beogh smites you!
A goblin comes into view. It is wielding a +0 club.
You are too injured to fight recklessly!
You are too injured to fight recklessly!
You are too injured to fight recklessly!
Fire: a) +0 shortbow
Press: ? - help, Shift-Dir - straight line, f/p - orc priest
Aim: an orc priest, wielding a +0 dagger and wearing a +0 leather armour (66% to hit)
You shoot an arrow. The arrow hits the orc priest.
The orc priest is heavily wounded.
The orc priest mumbles some strange prayers to Beogh against you.
Beogh smites you!
You die...

#.# ####...
#####.# #.# ..
#.# . #.# #.# #.
#.# ##.#### #####
#.# ...... ....##
#.#
#.#.#####...###.#
#..gooo@........#
#.#..####...#####
....#.# ##.##
.#.##.# #.# ##
#.# #.# #.# ..#


You could see an orc priest, 2 orcs and a goblin.

Vanquished Creatures
  A worm (D:2)
  2 dart slugs
  7 orcs (D:3)
  4 endoplasms
  A giant cockroach (D:1)
  6 goblins
  A hobgoblin (D:1)
  5 kobolds
  2 quokkas
  4 ball pythons
  3 bats
  3 frilled lizards (D:1)
  2 rats (D:1)
41 creatures vanquished.

Notes
Turn   | Place    | Note
-------+----------+-------------------------------------------
     0 | D:1      | funnyparkerb the Kobold Hunter began the quest for the Orb.
     0 | D:1      | Reached XP level 1. HP: 12/12 MP: 1/1
    87 | D:1      | Reached XP level 2. HP: 17/17 MP: 2/2
    93 | D:1      | Reached skill level 6 in Ranged Weapons
   327 | D:1      | Found a faded altar of an unknown god.
   400 | D:1      | Reached XP level 3. HP: 21/21 MP: 3/3
   633 | D:1      | Found Caunin's Antique Weapon Shop.
  1356 | D:2      | Found a shimmering blue altar of Sif Muna.
  1857 | D:3      | Reached skill level 7 in Ranged Weapons
  1872 | D:3      | Reached XP level 4. HP: 18/26 MP: 4/4
  2146 | D:3      | Killed from afar by an orc priest

Illustrated notes

Levels and vault maps discovered:
D:1:      dpeg_arrival_boxes_within_box, layout_loops_ring,
          shapermc_ecumenical_altar_venn, serial_aquarium,
          aquarium_bridge_island_large [aquarium_subvault_large_water,
          aquarium_subvault_bridge, aquarium_subvault_wall,
          aquarium_subvault_wall, aquarium_subvault_window], aquarium_window_1,
          aquarium_window_3, aquarium_window_double, aquarium_window_2,
          aquarium_view_2e, serial_shops, shop
D:2:      layout_basic, basic_altar
D:3:      layout_loops_ring

Skill      XL: |  1  2  3 |
---------------+----------+-----
Ranged Weapons | 6 7 |  7.3
Fighting       | |  2.1
Dodging        | |  2.4
Stealth        | |  1.3

Action                   |  1- 3 |  4- 6 || total
-------------------------+-------+-------++-------
 Fire: Shortbow          |    86 |    22 ||   108
Armor: Leather armour    |     7 |     2 ||     9
Dodge: Dodged            |    28 |    13 ||    41
